[Event "Titled Tuesday Blitz January 31 Late 2023"]
[White "Predke, Alexandr"]
[Black "Maximov, Dmitry"]
[WhiteFideId "24107581"]
[BlackFideId "14105659"]
[WhiteElo "2685"]
[BlackElo "2497"]
[Result "0-1"]
[Round "05"]
[TimeControl "180+2"]
[Date "2023.01.31"]
[WhiteClock "0:00:55"]
[BlackClock "0:00:41"]

1. e4 c5 2. Nf3 d6 3. Nc3 Nc6 4. Bb5 Bd7 5. O-O a6 6. Bxc6 Bxc6 7. d4 cxd4 8. Nxd4 Rc8 9. Re1 e6 10. Nd5 Ne7 11. Nxc6 Rxc6 12. Ne3 Ng6 13. b3 Be7 14. Bb2 O-O 15. c4 Bf6 16. Qd2 Bxb2 17. Qxb2 Qh4 18. g3 Qxe4 19. Nd5 Qf5 20. Ne3 Qe5 21. Qe2 Qf6 22. Rad1 Rfc8 23. a4 h6 24. h4 Ne5 25. Kg2 Nd7 26. Qh5 Rc5 27. Qe2 R5c6 28. Qh5 Ne5 29. Qe2 a5 30. f4 Nd7 31. f5 Nc5 32. Qc2 Rb6 33. fxe6 fxe6 34. Rf1 Qe5 35. Rf3 Rxb3 36. Ng4 Rb2 0-1


[Site "https://www.chess.com"]

[Event "Titled Tuesday Blitz January 31 Late 2023"]
[White "Melkumyan, Hrant"]
[Black "Klekowski, Maciej"]
[WhiteFideId "13302485"]
[BlackFideId "1132717"]
[WhiteElo "2645"]
[BlackElo "2477"]
[Result "1-0"]
[Round "05"]
[TimeControl "180+2"]
[Date "2023.01.31"]
[WhiteClock "0:00:33"]
[BlackClock "0:00:02"]

1. d4 Nf6 2. c4 e6 3. Bf4 c6 4. Nc3 d5 5. e3 Be7 6. Nf3 O-O 7. Rc1 Nbd7 8. h3 a6 9. a3 dxc4 10. Bxc4 b5 11. Ba2 c5 12. d5 exd5 13. Nxd5 Nxd5 14. Bxd5 Ra7 15. O-O Nf6 16. Bc6 Qb6 17. Ne5 Be6 18. Qf3 Rc7 19. Rfd1 Rfc8 20. Be4 Nxe4 21. Qxe4 Qb7 22. Qb1 c4 23. Rd2 Rc5 24. Rcd1 Rd5 25. Rxd5 Bxd5 26. Qf5 Be6 27. Qh5 Rd8 28. Rxd8+ Bxd8 29. Nf3 Qd5 30. Qxd5 Bxd5 31. Be5 Kf8 32. Nd2 f6 33. Bc3 Ke7 34. f3 Bb6 35. Kf2 a5 36. g4 Kd6 37. Ke2 h6 38. Nf1 Bf7 39. Ng3 Bg6 40. h4 Bd3+ 41. Kf2 Ke6 42. Nh5 Kf7 43. Nf4 g6 44. Nxd3 cxd3 45. Bd4 Bc7 46. h5 gxh5 47. gxh5 a4 48. Ke1 Ba5+ 49. Bc3 Bb6 50. Kd2 Ke6 51. e4 f5 52. Kxd3 1-0


[Site "https://www.chess.com"]

[Event "Titled Tuesday Blitz January 31 Late 2023"]
[White "Hansen, Eric"]
[Black "Papasimakopoulos, Alexandros"]
[WhiteFideId "2606771"]
[BlackFideId "4244125"]
[WhiteElo "2609"]
[BlackElo "2401"]
[Result "1-0"]
[Round "05"]
[TimeControl "180+2"]
[Date "2023.01.31"]
[WhiteClock "0:01:58"]
[BlackClock "0:00:52"]

1. Nf3 d5 2. g3 Nf6 3. Bg2 c6 4. O-O Bf5 5. d3 e6 6. c4 Nbd7 7. Qb3 Qb6 8. Be3 Bc5 9. Bxc5 Nxc5 10. Qa3 dxc4 11. Ne5 O-O 12. Nxc4 Qb5 13. Nc3 Qa6 14. Qxc5 Rac8 15. Nd6 b6 16. Qa3 Qxa3 17. bxa3 Rc7 18. Rac1 Bg6 19. Ncb5 Rd7 20. Bxc6 Re7 21. Bf3 a6 22. Nc3 b5 23. a4 b4 24. Nce4 Nd5 25. a5 Rd7 26. Rc6 Ra8 27. Nc5 Rda7 28. Bxd5 exd5 29. Rb1 Bh5 30. f3 g5 31. Rxb4 Re7 32. Kf2 Bg6 33. Rxa6 Rd8 34. Rc6 h5 35. a6 h4 36. Rb7 1-0


[Site "https://www.chess.com"]

[Event "Titled Tuesday Blitz January 31 Late 2023"]
[White "Sokolovsky, Yahli"]
[Black "Ivic, Velimir"]
[WhiteFideId "2820242"]
[BlackFideId "950122"]
[WhiteElo "2461"]
[BlackElo "2595"]
[Result "1-0"]
[Round "05"]
[TimeControl "180+2"]
[Date "2023.01.31"]
[WhiteClock "0:00:12"]
[BlackClock "0:00:11"]

1. b3 e5 2. Bb2 Nc6 3. e3 Nf6 4. Nf3 e4 5. Nd4 Bc5 6. Nxc6 dxc6 7. d4 Bd6 8. Be2 h5 9. h3 Bf5 10. c4 b6 11. Nc3 Qe7 12. Qc2 h4 13. O-O-O Bg6 14. Kb1 O-O 15. Rhg1 Qe6 16. g4 hxg3 17. fxg3 Qxh3 18. Rh1 Qxg3 19. c5 bxc5 20. Rdg1 Qxe3 21. Bc4 Bh7 22. Qg2 Qg3 23. Qxg3 Bxg3 24. Rxg3 cxd4 25. Ne2 c5 26. Ba3 Rfe8 27. Nf4 Re5 28. Rhg1 Ne8 29. Bc1 Rd8 30. Rh3 Bf5 31. Rh4 e3+ 32. Bd3 Bxd3+ 33. Nxd3 Rf5 34. Rgh1 Kf8 35. Nxc5 Rxc5 36. Ba3 Rd5 37. Rh5 e2 38. Bxc5+ Rxc5 39. Rxc5 Nd6 40. Rd5 Ne4 41. Rxd4 Nc3+ 42. Kc2 Nd1 43. Re1 Ne3+ 44. Kd2 Nf5 45. Rd3 Nd6 46. Rxe2 g5 47. a4 f5 48. Rc3 Ne8 49. Rxe8+ Kxe8 50. Rc5 f4 51. Rxg5 Kd7 52. Rf5 Ke6 53. Rxf4 Ke5 54. Rc4 Kd5 55. Kc3 c5 56. Kd3 Kd6 57. Ke4 Kc6 58. Ke5 Kb6 59. Kd5 Ka5 60. Kxc5 a6 61. Kd4 Kb6 62. Kc3 Ka5 63. Rg4 1-0


[Site "https://www.chess.com"]

[Event "Titled Tuesday Blitz January 31 Late 2023"]
[White "Kravtsiv, Martyn"]
[Black "Krysa, Leandro"]
[WhiteFideId "14113147"]
[BlackFideId "116807"]
[WhiteElo "2598"]
[BlackElo "2541"]
[Result "1-0"]
[Round "05"]
[TimeControl "180+2"]
[Date "2023.01.31"]
[WhiteClock "0:00:46"]
[BlackClock "0:00:02"]

1. e4 e5 2. Nf3 Nf6 3. Nc3 Nc6 4. a4 a6 5. d4 exd4 6. Nxd4 Bb4 7. Nxc6 bxc6 8. Bd3 O-O 9. O-O d5 10. Bd2 Rb8 11. Re1 Re8 12. h3 dxe4 13. Nxe4 Nxe4 14. Bxb4 Rxb4 15. Rxe4 Rbxe4 16. Bxe4 Qf6 17. Qf3 Qxb2 18. Rd1 Be6 19. Bxc6 Rb8 20. Qd3 g6 21. Qxa6 Qxc2 22. Bf3 Rb1 23. Rxb1 Qxb1+ 24. Kh2 c5 25. a5 Qb8+ 26. g3 c4 27. Qb6 Qc8 28. Bb7 Qe8 29. a6 c3 30. Qc5 Qa4 31. a7 c2 32. a8=Q+ 1-0


[Site "https://www.chess.com"]

[Event "Titled Tuesday Blitz January 31 Late 2023"]
[White "Zhigalko, Sergei"]
[Black "Tan, Zhongyi"]
[WhiteFideId "13502956"]
[BlackFideId "8603642"]
[WhiteElo "2572"]
[BlackElo "2517"]
[Result "1-0"]
[Round "05"]
[TimeControl "180+2"]
[Date "2023.01.31"]
[WhiteClock "0:00:52"]
[BlackClock "0:00:03"]

1. e4 c5 2. Nf3 d6 3. d4 cxd4 4. Qxd4 Nc6 5. Bb5 Bd7 6. Bxc6 Bxc6 7. Nc3 Nf6 8. Bg5 e6 9. O-O-O Be7 10. Rhe1 O-O 11. Kb1 Qa5 12. Qd2 Rfd8 13. Nd4 Rac8 14. f3 Be8 15. Nd5 Qxd2 16. Nxe7+ Kf8 17. Bxd2 Kxe7 18. Bb4 Nd7 19. e5 Nc5 20. exd6+ Kf6 21. Nb3 Nxb3 22. axb3 Bc6 23. c4 b6 24. Bc3+ Kg6 25. Rd4 h5 26. b4 Rd7 27. b3 Kh7 28. Kb2 g6 29. b5 Bb7 30. Rd2 Rcd8 31. Red1 Rc8 32. Bf6 Rc5 33. Ra1 Rf5 34. Be7 Bc8 35. Kc3 e5 36. Rda2 f6 37. Rxa7 Kh6 38. Rxd7 Bxd7 39. Ra7 1-0


[Site "https://www.chess.com"]

[Event "Titled Tuesday Blitz January 31 Late 2023"]
[White "Tristan, Leonardo"]
[Black "Jones, Gawain C B"]
[WhiteFideId "113816"]
[BlackFideId "409561"]
[WhiteElo "2545"]
[BlackElo "2618"]
[Result "0-1"]
[Round "05"]
[TimeControl "180+2"]
[Date "2023.01.31"]
[WhiteClock "0:00:10"]
[BlackClock "0:00:07"]

1. d4 Nf6 2. Nf3 g6 3. Bf4 Bg7 4. e3 O-O 5. Be2 b6 6. O-O Bb7 7. h3 d6 8. Bh2 Ne4 9. a4 a5 10. Nbd2 Nxd2 11. Nxd2 Nd7 12. Bf3 Qc8 13. c3 e5 14. Qb3 exd4 15. cxd4 Bxf3 16. Nxf3 Nf6 17. Rac1 Qb7 18. Rc4 Rfe8 19. Rfc1 Re7 20. Ne1 Nd5 21. Nd3 Rae8 22. Rc6 Qa6 23. Qxd5 Qxd3 24. Qc4 Qe4 25. Rxc7 Rxc7 26. Qxc7 Bxd4 27. Qc6 Bxb2 28. Qxe4 Rxe4 29. Rc8+ Kg7 30. Bxd6 h5 31. Rc6 Rxa4 32. Rxb6 Ba3 33. Be5+ Kf8 34. Bf6 Ke8 35. Rb7 Rc4 36. g3 Rc6 37. Bd4 Ra6 38. Rb8+ Kd7 39. Rb7+ Ke6 40. e4 a4 41. f4 Bf8 42. Rb8 Bd6 43. Rb5 a3 44. e5 Be7 45. Rb1 a2 46. Ra1 Kd5 47. Bc3 Bc5+ 48. Kf1 Kc4 49. Rc1 Be3 50. Bd2+ Kd3 51. Bxe3 Kxe3 52. Re1+ Kf3 53. Ra1 Kxg3 54. Ke2 Kxf4 55. e6 Rxe6+ 56. Kd3 Ra6 57. Kc4 Kg3 58. Kb5 Ra8 59. Kb6 Kxh3 60. Kb7 Ra3 61. Rxa2 Rxa2 0-1


[Site "https://www.chess.com"]

[Event "Titled Tuesday Blitz January 31 Late 2023"]
[White "Nigmatov, Ortik"]
[Black "Moroni, Luca Jr"]
[WhiteFideId "14202131"]
[BlackFideId "865834"]
[WhiteElo "2438"]
[BlackElo "2535"]
[Result "1-0"]
[Round "05"]
[TimeControl "180+2"]
[Date "2023.01.31"]
[WhiteClock "0:00:09"]
[BlackClock "0:00:04"]

1. e4 d6 2. d4 e5 3. Nf3 exd4 4. Nxd4 Nf6 5. Nc3 Be7 6. g3 O-O 7. Bg2 Re8 8. O-O Bf8 9. h3 c6 10. Be3 a5 11. f4 Na6 12. Nde2 Qc7 13. g4 d5 14. e5 Bxg4 15. hxg4 Nxg4 16. Bd4 Qd8 17. Qe1 Nb4 18. Rc1 c5 19. Bf2 d4 20. Ne4 d3 21. N2g3 Nxc2 22. Qd2 Qh4 23. Rfd1 c4 24. Rxc2 dxc2 25. Qxc2 Rad8 26. Rc1 b5 27. Nf1 Qh5 28. Bb6 Rd3 29. a4 Qg6 30. axb5 Qxb6+ 31. Kh1 Qh6+ 32. Kg1 Qxf4 33. Qxc4 Nxe5 34. Qc2 h6 35. Nh2 Red8 36. Rf1 Qe3+ 37. Kh1 Qd4 38. b6 Rd1 39. b7 Rxf1+ 40. Nxf1 Qb4 41. Qc8 Be7 42. Qc7 Qd6 43. Nxd6 Rxd6 44. b8=Q+ 1-0


[Site "https://www.chess.com"]

[Event "Titled Tuesday Blitz January 31 Late 2023"]
[White "Perske, Thore"]
[Black "Svane, Frederik"]
[WhiteFideId "12902195"]
[BlackFideId "12923044"]
[WhiteElo "2448"]
[BlackElo "2600"]
[Result "0-1"]
[Round "05"]
[TimeControl "180+2"]
[Date "2023.01.31"]
[WhiteClock "0:00:03"]
[BlackClock "0:00:58"]

1. e4 e6 2. d3 d5 3. Nd2 Nc6 4. Ngf3 Nf6 5. c3 e5 6. Qa4 Bd6 7. g3 O-O 8. Bg2 dxe4 9. dxe4 h6 10. O-O Be6 11. Re1 Re8 12. Nc4 Rb8 13. Nxd6 cxd6 14. Be3 b5 15. Qa3 Qc7 16. Rac1 Nxe4 17. Nxe5 Nxe5 18. Bxe4 a5 19. b3 d5 20. Bg2 Nd3 21. Rcd1 Nxe1 22. Bf4 Qxc3 23. Bxb8 Rxb8 24. Qd6 Rf8 25. Qf4 Nxg2 0-1


[Site "https://www.chess.com"]

[Event "Titled Tuesday Blitz January 31 Late 2023"]
[White "Taspinar, Yanki"]
[Black "Ibarra Jerez, Jose Carlos"]
[WhiteFideId "34561188"]
[BlackFideId "2226332"]
[WhiteElo "2262"]
[BlackElo "2563"]
[Result "1-0"]
[Round "05"]
[TimeControl "180+2"]
[Date "2023.01.31"]
[WhiteClock "0:00:04"]
[BlackClock "0:00:02"]

1. Nf3 d6 2. d4 Nf6 3. Nc3 Bf5 4. g3 Nbd7 5. Bg2 c6 6. O-O e5 7. Nh4 Be6 8. e4 exd4 9. Qxd4 Be7 10. Bf4 Qc7 11. Rad1 Ne5 12. Nf3 Nfd7 13. Ng5 Bg4 14. f3 Bh5 15. Kh1 O-O 16. Nh3 h6 17. Be3 Rfe8 18. Nf4 Bg6 19. Nxg6 Nxg6 20. Rd2 Nb6 21. b3 Bf6 22. Qd3 Ne5 23. Qe2 Nec4 24. bxc4 Bxc3 25. Rd3 Bf6 26. c5 dxc5 27. Bxc5 Na4 28. Bd4 Bxd4 29. Rxd4 b5 30. f4 Rad8 31. Rd3 b4 32. e5 Nc3 33. Rxd8 Rxd8 34. Qc4 Rd2 35. Qxb4 Rxc2 36. Qb3 Rxg2 37. Kxg2 Nd5 38. Rd1 Qa5 39. Kh1 Qc5 40. Qd3 Qf2 41. Qd2 Qf3+ 42. Kg1 h5 43. Re1 h4 44. Qf2 Qc3 45. f5 Nb4 46. e6 hxg3 47. hxg3 Nd3 48. e7 Nxf2 49. e8=Q+ Kh7 50. Kxf2 Qc5+ 51. Qe3 Qxf5+ 52. Kg2 g6 53. Qe4 Qf6 54. Qe5 Qd8 55. Rh1+ 1-0


[Site "https://www.chess.com"]

[Event "Titled Tuesday Blitz January 31 Late 2023"]
[White "Van Foreest, Lucas"]
[Black "Vlassov, Nikolai"]
[WhiteFideId "1039792"]
[BlackFideId "4103360"]
[WhiteElo "2556"]
[BlackElo "2283"]
[Result "1-0"]
[Round "05"]
[TimeControl "180+2"]
[Date "2023.01.31"]
[WhiteClock "0:00:09"]
[BlackClock "0:00:01"]

1. e4 Nc6 2. Qg4 d5 3. Qh4 dxe4 4. Nc3 Nd4 5. Qxe4 Bf5 6. Qxb7 Rb8 7. Qxa7 Nxc2+ 8. Kd1 Nxa1 9. Bb5+ Rxb5 10. Nxb5 f6 11. Nf3 Bc2+ 12. Ke1 Bd3 13. Nxc7+ Kf7 14. b3 Nc2+ 15. Kd1 Nb4 16. Ba3 Nd5 17. Nxd5 Qxd5 18. Re1 Be4 19. Nd4 Bxg2 20. Ne6 Qf5 21. Kc1 h5 22. Kb2 Bd5 23. Nxf8 Kxf8 24. Bxe7+ Nxe7 25. Rxe7 Qg5 26. Rc7 Qxd2+ 27. Ka3 Bb7 28. Qb8+ 1-0


[Site "https://www.chess.com"]

[Event "Titled Tuesday Blitz January 31 Late 2023"]
[White "Gubajdullin, Alexei"]
[Black "Holt, Conrad"]
[WhiteFideId "4141202"]
[BlackFideId "2034387"]
[WhiteElo "2285"]
[BlackElo "2540"]
[Result "0-1"]
[Round "05"]
[TimeControl "180+2"]
[Date "2023.01.31"]
[WhiteClock "0:00:11"]
[BlackClock "0:00:12"]

1. d4 d5 2. Nf3 Nf6 3. Bf4 c5 4. e3 Nc6 5. Nbd2 e6 6. c3 Be7 7. Bd3 Qb6 8. Rb1 Nh5 9. Be5 cxd4 10. cxd4 Nb4 11. Be2 f6 12. Bg3 O-O 13. a3 Nc6 14. b4 a5 15. b5 Nd8 16. a4 Nf7 17. Bd3 g6 18. Rc1 Nxg3 19. hxg3 Bd7 20. Nh4 f5 21. g4 Rac8 22. Rxc8 Rxc8 23. gxf5 exf5 24. Nhf3 Ba3 25. O-O Rc1 26. Qb3 Rxf1+ 27. Bxf1 Qd6 28. Ne5 Be6 29. Nd3 Qe7 30. Nb1 Bd6 31. Nc3 Qh4 32. f4 Qg3 33. Nd1 g5 34. Nc5 gxf4 35. Nxe6 f3 36. Nf4 Bxf4 37. exf4 f2+ 38. Nxf2 Qxb3 39. Nd3 Qxa4 40. b6 Qxd4+ 41. Kh2 a4 42. g3 a3 43. Nc1 Qd2+ 44. Bg2 Qxc1 45. Kh3 a2 46. Bxd5 a1=Q 47. Kh2 Qg1+ 48. Kh3 Qh1+ 49. Bxh1 Qxh1# 0-1


[Site "https://www.chess.com"]

[Event "Titled Tuesday Blitz January 31 Late 2023"]
[White "Kanakaris, Georgios"]
[Black "Galchenko, Matvey"]
[WhiteFideId "4209460"]
[BlackFideId "24175480"]
[WhiteElo "2391"]
[BlackElo "2438"]
[Result "0-1"]
[Round "05"]
[TimeControl "180+2"]
[Date "2023.01.31"]
[WhiteClock "0:00:04"]
[BlackClock "0:00:07"]

1. d4 Nf6 2. Nf3 c5 3. d5 b5 4. a4 Bb7 5. axb5 Bxd5 6. Nc3 Bb7 7. Bg5 d5 8. e3 Nbd7 9. Be2 e6 10. O-O Be7 11. Ra4 O-O 12. Qa1 Qb6 13. b3 Rfc8 14. Rd1 h6 15. Bh4 Rd8 16. Ra2 Rdc8 17. Ra4 Bd6 18. Bg3 e5 19. Rh4 d4 20. Na4 Qc7 21. exd4 cxd4 22. Bc4 Nf8 23. Qc1 Ng6 24. Rh3 Bd5 25. Nb2 Ba3 26. Nxd4 Bxc4 27. bxc4 Bxb2 28. Qxb2 Qd7 29. Bxe5 Nxe5 30. Re1 Nxc4 31. Qa1 Re8 32. Rf1 Nd2 33. Rd1 Nde4 34. Nc6 Qf5 35. Rf3 Qc5 36. h3 a6 37. Nd4 axb5 38. Qc1 Nc3 39. Rd2 b4 40. Nf5 Ne2+ 41. Rxe2 Rxe2 42. Nxh6+ gxh6 43. Qxh6 Ra1+ 44. Kh2 Qe5+ 45. Rg3+ Ng4+ 46. hxg4 Qh8 47. Rh3 Qxh6 48. Rxh6 Rxf2 49. Rb6 Rxc2 50. Rxb4 Raa2 51. Rb8+ Kg7 52. Kh3 Rxg2 53. Kh4 Rh2+ 54. Kg5 Ra5+ 55. Kf4 Rg2 56. Rb4 Ra3 57. Kf5 Rf3+ 58. Kg5 f6+ 59. Kh4 Rh2# 0-1


[Site "https://www.chess.com"]

[Event "Titled Tuesday Blitz January 31 Late 2023"]
[White "Yanchenko, Roman"]
[Black "Lymar, Vladislav"]
[WhiteFideId "4137329"]
[BlackFideId "14162180"]
[WhiteElo "2466"]
[BlackElo "2119"]
[Result "1-0"]
[Round "05"]
[TimeControl "180+2"]
[Date "2023.01.31"]
[WhiteClock "0:00:09"]
[BlackClock "0:00:01"]

1. d4 d5 2. c4 e6 3. Nc3 c5 4. e3 Nc6 5. Nf3 Nf6 6. h3 cxd4 7. exd4 Be7 8. c5 O-O 9. Bd3 b6 10. cxb6 Qxb6 11. O-O Ba6 12. Na4 Qb7 13. Nc5 Bxc5 14. dxc5 Bxd3 15. Qxd3 e5 16. Qd1 d4 17. Re1 Rfe8 18. b3 Qb4 19. Bg5 Nd5 20. Rc1 e4 21. Rc4 Qa5 22. Nxd4 Ne5 23. Rc2 Nb4 24. Bd2 Ned3 25. Re3 Rac8 26. c6 Qe5 27. Rc4 Nd5 28. Rg3 Nb6 29. Rg5 Qf6 30. Rf5 Qd6 31. Bc3 Nxc4 32. bxc4 Qg6 33. Qd2 Red8 34. Rg5 Qh6 35. Nf5 Qxc6 36. Rxg7+ Kf8 37. Rxh7 Ke8 38. Qe3 Qxc4 39. Qg5 1-0


[Site "https://www.chess.com"]

[Event "Titled Tuesday Blitz January 31 Late 2023"]
[White "Borges Feria, Yasel"]
[Black "Lizak, Peter"]
[WhiteFideId "3504921"]
[BlackFideId "731595"]
[WhiteElo "2439"]
[BlackElo "2411"]
[Result "0-1"]
[Round "05"]
[TimeControl "180+2"]
[Date "2023.01.31"]
[WhiteClock "0:00:09"]
[BlackClock "0:00:15"]

1. e4 c6 2. d4 d5 3. e5 Bf5 4. h4 h6 5. g4 Bd7 6. c4 h5 7. gxh5 Nh6 8. Nc3 dxc4 9. Bxc4 Bg4 10. Be2 Bxe2 11. Ngxe2 e6 12. Qb3 Qb6 13. Qc4 Nf5 14. Be3 Rxh5 15. O-O-O Nd7 16. Ng3 Nxg3 17. fxg3 Qb4 18. Qe2 Rh8 19. a3 Qb3 20. Qc2 Qxc2+ 21. Kxc2 Nb6 22. g4 Nd5 23. Nxd5 cxd5 24. h5 Rc8+ 25. Kd3 f6 26. Rc1 Rxc1 27. Rxc1 Kd7 28. Rf1 Be7 29. exf6 gxf6 30. Rh1 Ke8 31. Bf4 Kd7 32. Rc1 Bd6 33. Bxd6 Kxd6 34. Rh1 Ke7 35. Ke3 a6 36. Kf4 Kf7 37. g5 fxg5+ 38. Kxg5 Rg8+ 39. Kf4 Rg2 40. h6 Kg8 41. Ke5 Re2+ 42. Kd6 Re4 43. h7+ Kh8 44. Kc5 a5 45. b4 a4 46. Rh3 b6+ 47. Kxb6 Rxd4 48. Kb5 e5 49. Kxa4 e4 50. Rh1 Rd3 51. b5 Rd2 52. Kb3 Rd3+ 53. Kb4 Rd2 54. Kc5 d4 55. Rc1 d3 56. b6 Rc2+ 57. Rxc2 dxc2 58. Kd6 c1=Q 59. b7 Qb2 60. Kc7 e3 61. b8=Q+ Qxb8+ 62. Kxb8 e2 63. a4 e1=Q 64. a5 Qxa5 0-1


[Site "https://www.chess.com"]

[Event "Titled Tuesday Blitz January 31 Late 2023"]
[White "Paichadze, Luka"]
[Black "Migot, Tangi"]
[WhiteFideId "13602934"]
[BlackFideId "662445"]
[WhiteElo "2515"]
[BlackElo "2373"]
[Result "1-0"]
[Round "05"]
[TimeControl "180+2"]
[Date "2023.01.31"]
[WhiteClock "0:00:50"]
[BlackClock "0:00:40"]

1. e4 e5 2. d4 exd4 3. Qxd4 Nc6 4. Qe3 d6 5. Nc3 Be7 6. Bd2 Nf6 7. O-O-O a5 8. f4 O-O 9. Bc4 Be6 10. Bxe6 fxe6 11. Qh3 Qc8 12. Nf3 a4 13. a3 e5 14. f5 Nd4 15. g4 Qe8 16. Be3 c5 17. g5 Qh5 18. Qxh5 Nxh5 19. Rhf1 b5 20. Nd5 Bd8 21. c3 Nb3+ 22. Kc2 b4 23. axb4 cxb4 24. Nxb4 Ba5 25. Nc6 Bc7 26. Nd2 Nc5 27. Bxc5 dxc5 28. Nc4 Nf4 29. Rd7 Rf7 30. Rxf7 Kxf7 31. N6xe5+ Bxe5 32. Nxe5+ Ke7 33. Rxf4 a3 34. bxa3 Rxa3 35. h4 Ra2+ 36. Kb3 Rh2 37. Nc4 h6 38. e5 hxg5 39. hxg5 Rg2 40. f6+ 1-0


[Site "https://www.chess.com"]

[Event "Titled Tuesday Blitz January 31 Late 2023"]
[White "Richter, Paul"]
[Black "Riehle, Marco"]
[WhiteFideId "2046350"]
[BlackFideId "12904392"]
[WhiteElo "2171"]
[BlackElo "2368"]
[Result "0-1"]
[Round "05"]
[TimeControl "180+2"]
[Date "2023.01.31"]
[WhiteClock "0:00:13"]
[BlackClock "0:02:20"]

1. e4 e5 2. Nf3 Nf6 3. Nxe5 Nxe4 4. Qe2 Qe7 5. Qxe4 d6 6. d4 dxe5 7. dxe5 Nc6 8. Nc3 Qxe5 9. Qxe5+ Nxe5 10. Bf4 f6 11. Bxe5 fxe5 12. Bc4 Bd7 13. O-O-O O-O-O 14. f3 Bd6 15. Ne4 Bc6 16. Rhe1 h6 17. Be6+ Kb8 18. c3 Rhf8 19. Bd5 Bd7 20. Rd2 Bf5 21. Red1 Be7 22. Kc2 Bg5 23. Rd3 c6 24. Bc4 Bxe4 25. fxe4 Rf2+ 26. Kb3 Rxd3 27. Rxd3 Rxg2 28. Rd7 Bc1 29. Be6 b5 30. c4 Rxb2+ 31. Kc3 bxc4 32. Rxg7 Rxa2 33. Kxc4 Rxh2 34. Kc5 Rc2+ 35. Kd6 Ba3+ 0-1


[Site "https://www.chess.com"]

[Event "Titled Tuesday Blitz January 31 Late 2023"]
[White "Bartel, Mateusz"]
[Black "Kim, Sergey"]
[WhiteFideId "1112635"]
[BlackFideId "13700570"]
[WhiteElo "2609"]
[BlackElo "2295"]
[Result "0-1"]
[Round "05"]
[TimeControl "180+2"]
[Date "2023.01.31"]
[WhiteClock "0:01:12"]
[BlackClock "0:01:40"]

1. Nf3 Nf6 2. c4 g6 3. Nc3 Bg7 4. e4 d6 5. d4 O-O 6. h3 e5 7. d5 a5 8. Be3 Na6 9. Nd2 Nc5 10. g4 Bd7 11. Rg1 a4 12. h4 c6 13. h5 Ne8 14. g5 Nc7 15. h6 Bh8 16. Qf3 cxd5 17. cxd5 b5 18. a3 Rb8 19. Na2 N7a6 20. Rc1 f6 21. Qg3 f5 22. Bxc5 Nxc5 23. f3 Qb6 24. Nb4 fxe4 25. fxe4 Rf4 26. Qe3 Nd3+ 27. Qxd3 Qxg1 28. Rc7 Bg4 0-1


[Site "https://www.chess.com"]

[Event "Titled Tuesday Blitz January 31 Late 2023"]
[White "Dobrikov, Marco"]
[Black "Tactrics"]
[WhiteFideId "12950378"]
[WhiteElo "2269"]
[BlackElo "2794"]
[Result "0-1"]
[Round "05"]
[TimeControl "180+2"]
[Date "2023.01.31"]
[WhiteClock "0:00:14"]
[BlackClock "0:00:13"]

1. c4 c5 2. Nc3 Nf6 3. g3 e6 4. Nf3 b6 5. Bg2 Bb7 6. O-O Be7 7. d4 cxd4 8. Nxd4 Bxg2 9. Kxg2 Qc8 10. Qd3 O-O 11. e4 d6 12. f3 Nbd7 13. b3 a6 14. Be3 Qb7 15. Rac1 Rac8 16. Rfd1 Rfe8 17. Qd2 Bf8 18. Qf2 Rc7 19. Rd2 Rec8 20. Rdc2 g6 21. Qd2 Bg7 22. Nde2 Bf8 23. Nd4 Ne5 24. a4 Nfd7 25. h3 Nc5 26. Rd1 Bg7 27. Qe2 h5 28. Kg1 Qa8 29. f4 Ned7 30. Bf2 Nf6 31. Re1 Qb7 32. g4 hxg4 33. hxg4 e5 34. fxe5 dxe5 35. Nf3 Nxg4 36. Nd5 Rd7 37. Bh4 Ne6 38. Qg2 f5 39. exf5 gxf5 40. Nxe5 Bxe5 41. Rxe5 Nd4 42. Rd2 Nxb3 43. Rde2 Rxc4 44. Re8+ Kf7 45. R2e7+ Rxe7 46. Rxe7+ Qxe7 47. Bxe7 Rc1+ 48. Qf1 Rxf1+ 49. Kxf1 Ke6 50. Nxb6 Kxe7 51. Ke2 Kd6 52. Kf3 Kc5 53. Nd7+ Kb4 0-1


[Site "https://www.chess.com"]

[Event "Titled Tuesday Blitz January 31 Late 2023"]
[White "Donskov, Anatoly"]
[Black "Avila Pavas, Santiago"]
[WhiteFideId "24143413"]
[BlackFideId "4437128"]
[WhiteElo "2279"]
[BlackElo "2522"]
[Result "0-1"]
[Round "05"]
[TimeControl "180+2"]
[Date "2023.01.31"]
[WhiteClock "0:00:52"]
[BlackClock "0:02:37"]

1. e4 Nf6 2. e5 Nd5 3. d4 d6 4. Nf3 g6 5. Bc4 Nb6 6. Bb3 Bg7 7. h3 O-O 8. O-O c5 9. dxc5 dxc5 10. Qe2 c4 11. Bxc4 Nxc4 12. Qxc4 Nc6 13. Bf4 Bf5 14. Na3 Qa5 15. Rfe1 Rac8 16. Qb3 Qb4 17. c3 Qxf4 18. Qxb7 Be4 19. Nh2 Rb8 20. Qc7 Bxe5 0-1


[Site "https://www.chess.com"]

[Event "Titled Tuesday Blitz January 31 Late 2023"]
[White "Bryakin, Mikhail"]
[Black "Tworuszka, Michal"]
[WhiteFideId "4165314"]
[BlackFideId "1117858"]
[WhiteElo "2455"]
[BlackElo "2260"]
[Result "1-0"]
[Round "05"]
[TimeControl "180+2"]
[Date "2023.01.31"]
[WhiteClock "0:01:26"]
[BlackClock "0:00:04"]

1. e4 c5 2. Bb5 a6 3. Be2 Nc6 4. f4 g6 5. Nf3 Nf6 6. d3 Bg7 7. O-O d5 8. e5 Ng4 9. h3 Nh6 10. c4 d4 11. Nbd2 f6 12. Ne4 b6 13. a3 a5 14. Bd2 O-O 15. Rb1 a4 16. b4 axb3 17. Qxb3 Ra6 18. Rf2 Nf7 19. Rbf1 h6 20. exf6 exf6 21. Nh4 Ne7 22. Ng3 f5 23. Bd1 Kh7 24. Nf3 Nc6 25. Re1 Bd7 26. Rfe2 Re8 27. Bc1 Rxe2 28. Rxe2 Ne7 29. Qc2 Ba4 30. Qd2 Bxd1 31. Qxd1 Nc6 32. Qe1 Qd7 33. Nh4 Ra7 34. Re6 Nh8 35. Qe2 Nd8 36. Rxb6 Qe7 37. Qxe7 Rxe7 38. Kf2 Rb7 39. Rxb7 Nxb7 40. a4 Nf7 41. Bd2 Bf8 42. a5 Nbd8 43. a6 Nc6 44. Ba5 Bd6 45. Bb6 Bxf4 46. a7 Nxa7 47. Bxa7 Ne5 48. Ne2 Nxd3+ 49. Kf1 Bg5 50. Nf3 Nb2 51. Nxg5+ hxg5 52. Bxc5 d3 53. Nc3 Nxc4 54. Kf2 Kg8 55. Bd4 Kf7 56. Kf3 Ke6 57. g4 1-0


[Site "https://www.chess.com"]

[Event "Titled Tuesday Blitz January 31 Late 2023"]
[White "Prydun, Andriy"]
[Black "Fernandez Guillen, Ernesto J."]
[WhiteFideId "14145898"]
[BlackFideId "3512428"]
[WhiteElo "2134"]
[BlackElo "2477"]
[Result "0-1"]
[Round "05"]
[TimeControl "180+2"]
[Date "2023.01.31"]
[WhiteClock "0:00:02"]
[BlackClock "0:00:48"]

1. e4 e5 2. Nf3 Nc6 3. Bc4 g6 4. d3 Bg7 5. Be3 Nge7 6. Qd2 h6 7. Nc3 d6 8. O-O-O Na5 9. Bb3 Nxb3+ 10. axb3 f5 11. Qe2 O-O 12. exf5 Nxf5 13. d4 Nxe3 14. fxe3 exd4 15. Nxd4 c6 16. h4 Qe7 17. h5 g5 18. e4 Bd7 19. Qc4+ Kh8 20. Qd3 Rae8 21. Nf3 Bg4 22. Qxd6 Bxf3 23. gxf3 Rxf3 24. Qg6 Ref8 25. Qd6 Qxd6 26. Rxd6 R8f7 27. Re1 Re7 28. e5 Kh7 29. e6 Bxc3 30. bxc3 Kg7 31. c4 Kf6 32. Kb2 Rf5 33. b4 Re5 34. Rf1+ Kg7 35. Kb3 R5xe6 36. Rxe6 Rxe6 37. c3 Re5 38. Ra1 a6 39. Rd1 Re7 40. Rd6 Kh7 41. b5 axb5 42. cxb5 cxb5 43. Kb4 g4 44. Rg6 Rg7 45. Re6 g3 46. Re1 g2 47. Rg1 Rg5 48. Ka5 Kg7 49. Kb6 Kf6 50. Kxb7 Kf5 51. Kb6 Kf4 52. Rxg2 Rxg2 53. Kxb5 Rg5+ 54. Kb4 Rxh5 55. c4 Ke5 0-1


[Site "https://www.chess.com"]

[Event "Titled Tuesday Blitz January 31 Late 2023"]
[White "Naroditsky, Daniel"]
[Black "Danielyan, Vahe"]
[WhiteFideId "2026961"]
[BlackFideId "13304828"]
[WhiteElo "2618"]
[BlackElo "2346"]
[Result "1-0"]
[Round "05"]
[TimeControl "180+2"]
[Date "2023.01.31"]
[WhiteClock "0:01:53"]
[BlackClock "0:00:11"]

1. e4 e5 2. Nf3 Nc6 3. Bb5 a6 4. Ba4 Nf6 5. O-O Be7 6. Re1 b5 7. Bb3 O-O 8. d4 Nxd4 9. Nxd4 exd4 10. e5 Ne8 11. c3 d5 12. cxd4 Be6 13. Nc3 g6 14. Bh6 Ng7 15. Ne2 Bg5 16. Bxg5 Qxg5 17. Qc1 Qe7 18. Qc6 Rfd8 19. Rac1 Ra7 20. Nf4 Nf5 21. Red1 Kg7 22. Bxd5 Qg5 23. Qxe6 Qxf4 24. Qxf7+ Kh6 25. Rc3 Nxd4 26. Qxf4+ 1-0


[Site "https://www.chess.com"]